AoeStats
← 不爽就點

Arena

507508724Analyzed
1v1 RM · 13d ago on Sep 18, 2026· 33m 51s· 2 players
Game mode
Random Map
Map size
Tiny (2 player)
Population
200
Speed
Normal
Resources
Standard
Victory
Conquest
Starting age
Dark Age
Ending age
Imperial Age
RankedLock teamsTeams togetherTeam positionsShared explorationLock speedFull tech treeHidden civsTurbo modeCheats
Victory
Defeat
🇹🇼 Vikings · Taiwan
1308
+37
🇺🇸 Mapuche · United States
1301
-16
Powowowow
11:03 Feudal Age
12:47 Double-Bit Axe
12:43 Horse Collar
15:39 Castle Age
16:03 Double-Bit Axe
15:59 Horse Collar
16:24 Fletching
16:35 Padded Archer Armor
16:53 Loom
18:50 Bow Saw
19:49 Bodkin Arrow
不爽就點
12:11 Feudal Age
12:52 Double-Bit Axe
15:54 Castle Age
13:45 Horse Collar
16:29 Loom
17:13 Heavy Plow
17:27 Bow Saw
19:13 Stone Mining
30:00 Imperial Age
27:34 Fletching
28:04 Heavy Plow
28:09 Gold Mining
28:32 Bodkin Arrow
28:43 Crossbowman
30:05 Padded Archer Armor
30:06 Scale Mail Armor
30:55 Arbalester
31:36 Bracer
31:23 Capped Ram
32:52 Conscription
33:21 Ballistics
34:06 Chemistry
32:48 Treadmill Crane
33:24 Siege Ram
Connection lost

Rejoining the realm…

Still unreachable

The connection could not be restored.

Session expired

The server has moved on; the page needs a fresh start.